 Dungeon Crawl Stone Soup version 0.31-a0-435-g2c6fae2916 (webtiles) character file.

Game seed: 5539908533796095429

532 Sphaat the Digger (level 7, 0/51 HPs)
             Began as a Gnoll Earth Elementalist on Aug 1, 2023.
             Was an Initiate of Gozag.
             Slain by an ogre
             ... wielding a +0 giant spiked club
              (29 damage)
             ... on level 5 of the Dungeon.
             The game lasted 00:08:25 (3824 turns).

Sphaat the Digger (Gnoll Earth Elementalist)        Turns: 3824, Time: 00:08:25

Health: 0/51       AC:  3    Str:  7    XL:     7   Next: 24%
Magic:  15/15      EV: 13    Int: 16    God:    Gozag
Gold:   326        SH:  0    Dex: 13    Spells: 13/17 levels left

rFire   . . .        i - +2 mace (protect)
rCold   + . .        (no shield)
rNeg    . . .        u - +0 leather armour
rPois   .            (no helmet)
rElec   .            (no cloak)
rCorr   .            (no gloves)
SInv    .            (no boots)
Will    .....        (no amulet)
Stlth   +++          p - ring of protection from cold
HPRegen 0.28/turn    (no ring)
MPRegen 0.14/turn

%: no passive effects
@: no status effects
A: fangs 1, strong nose, distributed training
a: Renounce Religion, Potion Petition, Call Merchant, Bribe Branch


You were on level 5 of the Dungeon.
You worshipped Gozag.
Gozag was aware of your devotion.
You visited 1 branch of the dungeon, and saw 5 of its levels.

You collected 366 gold pieces.
You paid 40 gold pieces to Gozag.

Inventory:

Hand Weapons
 g - a +0 short sword
 i - a +2 mace of protection (weapon)
Armour
 a - a +0 robe
 f - a +0 ring mail
 u - a +0 leather armour (worn)
Jewellery
 p - a ring of protection from cold (left hand)
 s - an amulet of guardian spirit
Scrolls
 q - a scroll of silence
Potions
 b - a potion of magic
 e - 2 potions of curing
 k - a potion of ambrosia {unknown}
 o - a potion of lignification {unknown}
 t - a potion of brilliance {unknown}


   Skills:
 + Level 2.4 Fighting
 + Level 2.4 Short Blades
 + Level 2.4 Long Blades
 + Level 2.4 Axes
 + Level 2.4 Maces & Flails
 + Level 2.4 Polearms
 + Level 2.4 Staves
 + Level 2.4 Ranged Weapons
 + Level 2.4 Throwing
 + Level 2.4 Armour
 + Level 5.2 Dodging
 + Level 4.8 Stealth
 + Level 2.4 Shields
 + Level 2.4 Unarmed Combat
 + Level 5.6 Spellcasting
 + Level 2.0 Conjurations
 + Level 2.0 Hexes
 + Level 2.0 Summonings
 + Level 2.0 Necromancy
 + Level 2.0 Translocations
 + Level 2.9 Transmutations
 + Level 2.0 Fire Magic
 + Level 2.0 Ice Magic
 + Level 2.0 Air Magic
 + Level 5.8 Earth Magic
 + Level 2.0 Poison Magic
 + Level 2.6 Invocations
 + Level 2.4 Evocations
 + Level 2.0 Shapeshifting


You had 13 spell levels left.
You knew the following spells:

 Your Spells              Type           Power      Damage    Failure   Level
a - Sandblast             Erth           46%        2d11      1%          1
b - Stone Arrow           Conj/Erth      34%        3d9       13%         3

Your spell library contained the following spells:

 Spells                   Type           Power      Damage    Failure   Level
 Passwall                 Tmut/Erth      15%        N/A       5%          2
 Inner Flame              Hex/Fire       10%        N/A       28%         3
 Petrify                  Tmut/Erth      18%        N/A       34%         4
 Yara's Violent Unravell  Hex/Tmut       6%         3d5       91%         5
 Enfeeble                 Hex            5%         N/A       100%        7


Dungeon Overview and Level Annotations

Branches:
Dungeon (5/15)
 Temple: D:4-7

Altars:
Gozag
Vehumet
Yredelemnul
Zin


Innate Abilities, Weirdness & Mutations

You have very sharp teeth.
Your uncanny sense of smell can sniff out nearby items.
Your experience applies equally to all skills.


Message History

The hound is moderately wounded.
The hound bites you but does no damage. The hound barely misses you.
The ogre hits you with a +0 giant spiked club!!
You are too injured to fight recklessly!
You are too injured to fight recklessly!
You are too injured to fight recklessly!
You are too injured to fight recklessly!
You are too injured to fight recklessly!
You are too injured to fight recklessly!
You are too injured to fight recklessly!
You are too injured to fight recklessly!
You are too injured to fight recklessly!
You are too injured to fight recklessly!
You are too injured to fight recklessly!
You are too injured to fight recklessly!
You are too injured to fight recklessly!
You are too injured to fight recklessly!
As you read the scroll labelled BENTO SYASAC, it crumbles to dust.
The creatures around you are filled with an inner flame!
It was a scroll of immolation.
The hound bites you but does no damage. The hound barely misses you.
Okay, then.
As you read the scroll labelled TAXULL VOIMURO, it crumbles to dust.
It is a scroll of identify.
m - 2 potions of heal wounds The hound bites you but does no damage.
The ogre barely misses you.
You feel much better. The hound bites you but does no damage.
The hound barely misses you.
The ogre hits you with a +0 giant spiked club!!
You feel much better. The hound bites you but does no damage.
The ogre attacks as you move away! The ogre closely misses you.
The hound closely misses you. The hound attacks as you move away!
The hound bites you. The hound misses you. The hound attacks as you move away!
The hound bites you. The ogre attacks as you move away!
The ogre hits you with a +0 giant spiked club!!
Ouch! That really hurt!
You die...
Your body crumbles into a pile of gold.

#........#
.......# .#
.....# ..# ####
#...# ...#
#...##...##....
#).............
#...$..........
#......hO......
#......@.##...#
#...##...##...#
######.........
#..........
#..........
#....##....
#....# +###
##..<# #...##


You could see an ogre (inner flame) and a hound (inner flame).

Vanquished Creatures
  Edmund (D:4)
  Pargi (D:4)
  A howler monkey (D:4)
  2 iguanas (D:4)
  3 orc wizards (D:4)
  2 scorpion zombies (D:3)
  3 adders
  An ufetubus (D:4)
  A worm (D:2)
  6 dart slugs
  4 orcs (D:4)
  10 endoplasms
  2 giant cockroaches
  4 goblins
  11 hobgoblins
  2 kobolds
  2 quokkas
  3 ball pythons
  3 bats
  A frilled lizard (D:2)
  A quokka zombie (D:3)
  3 rats
67 creatures vanquished.

Notes
Turn   | Place    | Note
-------+----------+-------------------------------------------
     0 | D:1      | Sphaat the Gnoll Earth Elementalist began the quest for the
                  | Orb.
     0 | D:1      | Reached XP level 1. HP: 13/13 MP: 6/6
    61 | D:1      | Reached XP level 2. HP: 19/19 MP: 3/7
   656 | D:1      | Reached skill level 5 in Spellcasting
   656 | D:1      | Reached XP level 3. HP: 25/25 MP: 7/9
   909 | D:2      | Reached skill level 1 in Invocations
  1082 | D:2      | Reached skill level 1 in Fighting
  1082 | D:2      | Reached skill level 1 in Short Blades
  1082 | D:2      | Reached skill level 1 in Long Blades
  1082 | D:2      | Reached skill level 1 in Axes
  1082 | D:2      | Reached skill level 1 in Maces & Flails
  1082 | D:2      | Reached skill level 1 in Polearms
  1082 | D:2      | Reached skill level 1 in Staves
  1082 | D:2      | Reached skill level 1 in Ranged Weapons
  1082 | D:2      | Reached skill level 1 in Throwing
  1082 | D:2      | Reached skill level 1 in Armour
  1082 | D:2      | Reached skill level 1 in Shields
  1082 | D:2      | Reached skill level 1 in Unarmed Combat
  1082 | D:2      | Reached skill level 1 in Evocations
  1234 | D:2      | Reached XP level 4. HP: 32/32 MP: 9/11
  1488 | D:3      | Found a radiant altar of Vehumet.
  1736 | D:3      | Reached skill level 1 in Conjurations
  1736 | D:3      | Reached skill level 1 in Hexes
  1736 | D:3      | Reached skill level 1 in Summonings
  1736 | D:3      | Reached skill level 1 in Necromancy
  1736 | D:3      | Reached skill level 1 in Translocations
  1736 | D:3      | Reached skill level 1 in Fire Magic
  1736 | D:3      | Reached skill level 1 in Ice Magic
  1736 | D:3      | Reached skill level 1 in Air Magic
  1736 | D:3      | Reached skill level 1 in Poison Magic
  1736 | D:3      | Reached skill level 1 in Shapeshifting
  1811 | D:3      | Reached XP level 5. HP: 29/37 MP: 6/12
  1850 | D:3      | Found a basalt altar of Yredelemnul.
  2046 | D:3      | Found a glowing silver altar of Zin.
  2047 | D:3      | Found an opulent altar of Gozag.
  2122 | D:3      | Became a worshipper of Gozag Ym Sagoz the Greedy
  2354 | D:4      | Learned a level 3 spell: Stone Arrow
  2614 | D:4      | Noticed Edmund
  2648 | D:4      | Killed Edmund
  2649 | D:4      | Reached skill level 5 in Dodging
  2649 | D:4      | Reached XP level 6. HP: 26/44 MP: 3/14
  2886 | D:4      | Noticed Pargi
  2900 | D:4      | Killed Pargi
  2901 | D:4      | Reached XP level 7. HP: 48/50 MP: 2/15
  3723 | D:5      | Entered Level 5 of the Dungeon
  3824 | D:5      | Slain by an ogre

Illustrated notes

Levels and vault maps discovered:
D:1:      ncdulo_watergridlock, layout_loops_ring
D:2:      layout_loops_ring
D:3:      layout_rooms, grunt_temple_overflow_gold_and_silver,
          nicolae_yredelemnul_corpse_copse, overflow_temple_1_default
D:4:      layout_basic, uniq_edmund, uniq_pargi
D:5:      layout_gridville, uniq_eustachio, uniq_menkaure,
          uniq_crazy_yiuf_cottage, uniq_grinder

Skill      XL: |  1  2  3  4  5  6  7 |
---------------+----------------------+-----
Transmutations | 2 |  2.9
Spellcasting   | 5 |  5.6
Invocations    | 1 2 |  2.6
Fighting       | 1 2 |  2.4
Short Blades   | 1 2 |  2.4
Long Blades    | 1 2 |  2.4
Axes           | 1 2 |  2.4
Maces & Flails | 1 2 |  2.4
Polearms       | 1 2 |  2.4
Staves         | 1 2 |  2.4
Ranged Weapons | 1 2 |  2.4
Throwing       | 1 2 |  2.4
Armour         | 1 2 |  2.4
Shields        | 1 2 |  2.4
Unarmed Combat | 1 2 |  2.4
Evocations     | 1 2 |  2.4
Conjurations   | 1 2 |  2.0
Hexes          | 1 2 |  2.0
Summonings     | 1 2 |  2.0
Necromancy     | 1 2 |  2.0
Translocations | 1 2 |  2.0
Fire Magic     | 1 2 |  2.0
Ice Magic      | 1 2 |  2.0
Air Magic      | 1 2 |  2.0
Poison Magic   | 1 2 |  2.0
Shapeshifting  | 1 2 |  2.0
Dodging        | 5 |  5.2
Stealth        | |  4.8
Earth Magic    | |  5.8

Action                     |  1- 3 |  4- 6 |  7- 9 || total
---------------------------+-------+-------+-------++-------
  Melee: Mace              |     9 |    23 |    10 ||    42
         Bite              |     2 |     3 |     2 ||     7
         Punch             |     1 |       |       ||     1
   Cast: Sandblast         |    35 |    42 |    13 ||    90
         Stone Arrow       |       |    12 |       ||    12
    Use: Potion            |       |     3 |     2 ||     5
         Scroll            |       |       |     9 ||     9
   Stab: Sleeping          |       |       |     1 ||     1
 Armour: Ring mail         |     4 |     6 |       ||    10
         Leather armour    |       |    11 |     7 ||    18
         Robe              |       |     2 |       ||     2
  Dodge: Dodged            |    11 |    43 |    15 ||    69

Table legend: (Time is in decaauts)
 A = Elapsed time spent in this place.
 B = Non-inter-level travel time spent in this place.
 C = Inter-level travel time spent in this place.
 D = Time resting spent in this place.
 E = Time spent auto-exploring this place.
 F = Levels seen in this place.
 G = Mean time per level.
                   A        B        C        D        E       F      G
               +--------+--------+--------+--------+--------+-----+--------+
         Total |   3880 |   3648 |    232 |    117 |   2951 |   5 |  776.0 |
       Dungeon |   3880 |   3648 |    232 |    117 |   2951 |   5 |  776.0 |
               +--------+--------+--------+--------+--------+-----+--------+

Top non-repeatable levels by time:
     D:4: 1520 daAuts
     D:2: 777 daAuts
     D:3: 753 daAuts
     D:1: 727 daAuts
     D:5: 101 daAuts
